 Dungeon Crawl Stone Soup version 0.31.0-12-g77e489cdc1 (webtiles) character file.

Game seed: 11685760982900988000

3714 112233 the Ducker (level 10, -7/72 HPs)
             Began as an Octopode Fighter on Feb 14, 2024.
             Was an Initiate of Gozag.
             Mangled by a gnoll sergeant
             ... wielding a +0 glaive
              (17 damage)
             ... in a bailey.
             The game lasted 00:11:43 (9696 turns).

112233 the Ducker (Octopode Fighter)                Turns: 9696, Time: 00:11:43

Health: -7/72      AC:  5    Str: 18    XL:     10   Next: 14%
Magic:  9/9        EV: 16    Int: 10    God:    Gozag
Gold:   314        SH:  6    Dex: 14    Spells: 9/9 levels left

rFire   . .          .
                       - Unarmed
rCold   . . .        a - +0 buckler
rNeg    + + .        (helmet restricted)
rPois   .            F - amulet of magic regeneration
rElec   .            n - ring of positive energy
rCorr   .            z - +4 ring of protection
SInv    .            g - ring of willpower
Will    +....        d - ring of positive energy
Stlth   +++          (no ring)
HPRegen 0.32/turn    (no ring)
MPRegen 0.51/turn    (no ring)
                     (no ring)

%: clarity
@: no status effects
A: almost no armour, amphibious, 8 rings, camouflage 1, gelatinous body 1,
nimble swimmer 1, tentacles, antennae 1, tentacle spike 1, clarity, low MP 1
a: Renounce Religion, Potion Petition, Call Merchant, Bribe Branch


You were in a bailey.
You worshipped Gozag.
Gozag was aware of your devotion.
You visited 2 branches of the dungeon, and saw 10 of its levels.
You also visited: Ossuary and Bailey.

You collected 698 gold pieces.
You paid 384 gold pieces to Gozag.

Inventory:

Missiles
 l - 6 atropa-tipped darts
 C - a throwing net (quivered)
Armour
 a - a +0 buckler (worn)
Magical Staves
 r - a staff of death
Jewellery
 d - a ring of positive energy (on tentacle)
 g - a ring of willpower (on tentacle)
 n - a ring of positive energy (left tentacle)
 z - a +4 ring of protection (right tentacle)
 F - an amulet of magic regeneration (around mantle)
Scrolls
 c - 5 scrolls of blinking
 e - a scroll of enchant armour
 f - 3 scrolls of immolation
 h - a scroll of amnesia
 i - 4 scrolls of vulnerability
 j - 8 scrolls of teleportation
 k - a scroll of fear
 m - a scroll of poison
 p - 2 scrolls of noise
 q - a scroll of torment
 s - a scroll of butterflies
 t - a scroll of fog
 w - a scroll of silence
 y - a scroll of revelation {unknown}
 A - a scroll of brand weapon {unknown}
Potions
 b - 2 potions of might
 o - 2 potions of enlightenment
 u - a potion of cancellation
 v - a potion of attraction {unknown}
 x - a potion of brilliance {unknown}
 B - a potion of resistance {unknown}
 E - a potion of lignification


   Skills:
 + Level 7.8 Fighting
 + Level 7.8 Dodging
 + Level 7.8 Shields
 + Level 7.3 Unarmed Combat


You had 9 spell levels left.
You didn't know any spells.
Your spell library contained the following spells:

 Spells                   Type           Power      Damage    Failure   Level
 Slow                     Hex            0%         N/A       41%         1
 Call Imp                 Summ           0%         N/A       56%         2
 Cigotuvi's Dreadful Rot  Necr/Alch/Air  0%         N/A       56%         2
 Ensorcelled Hibernation  Hex/Ice        0%         N/A       56%         2
 Sublimation of Blood     Necr           0%         N/A       56%         2
 Confusing Touch          Hex            0%         N/A       80%         3
 Passwall                 Erth           0%         N/A       80%         3
 Sigil of Binding         Hex            0%         N/A       80%         3
 Swiftness                Air            0%         N/A       80%         3
 Vampiric Draining        Necr           0%         2d6       80%         3
 Volatile Blastmotes      Fire/Tloc      0%         2d10      80%         3
 Dispel Undead            Necr           0%         3d6       99%         4
 Fulminant Prism          Conj/Alch      0%         3d5       99%         4
 Iskenderun's Mystic Bla  Conj/Tloc      0%         2d3       99%         4
 Martyr's Knell           Necr/Summ      0%         N/A       99%         4
 Death Channel            Necr           0%         N/A       100%        6
 Summon Hydra             Summ           0%         N/A       100%        7


Dungeon Overview and Level Annotations

Branches:
Dungeon (9/15)             Temple (1/1) D:5         Ossuary (visited)
 Bailey (1/1)
   Lair: D:8-11         Orc: D:9-12

Altars:
Ashenzari
Cheibriados
Dithmenos
Elyvilon
Fedhas
Gozag
Hepliaklqana
Kikubaaqudgha
Makhleb
Nemelex Xobeh
Okawaru
Qazlal
Ru
Sif Muna
Trog
Uskayaw
Vehumet
Wu Jian
Xom
Yredelemnul
Zin
The Shining One

Shops:
D:4 (   D:5 :

Annotations:
D:5 3 runed translucent doors, dertzug's ghost, amateur SpHs
D:6 exclusion: downstairs
D:8 3 runed translucent doors, CapUranus's ghost, journeyman GrFi


Innate Abilities, Weirdness & Mutations

You cannot wear most types of armour.
You are amphibious.
You can wear up to eight rings at the same time.
Your skin changes colour to match your surroundings (Stealth+).
Your rubbery body absorbs attacks. (AC +1, EV +1)
You are camouflaged when in or above water. (Stealth+)
You have tentacles for arms and can constrict up to eight enemies at once.
You have a pair of small antennae on your head.
One of your tentacles bears a spike.
You possess an exceptional clarity of mind.
Your magical capacity is low. (-10% MP)


Message History

The gnoll sergeant closely misses you.
You barely miss the gnoll sergeant. You grab the gnoll sergeant.
You pierce the gnoll sergeant, but do no damage.
You constrict the gnoll sergeant, but do no damage.
The gnoll sergeant misses you.
You tentacle-slap the gnoll sergeant but do no damage.
You pierce the gnoll sergeant, but do no damage.
You constrict the gnoll sergeant.
The gnoll sergeant hits you with a +0 glaive!!
You tentacle-slap the gnoll sergeant but do no damage.
You pierce the gnoll sergeant, but do no damage.
You squeeze the gnoll sergeant, but do no damage.
The gnoll sergeant is lightly wounded.
You constrict the gnoll sergeant.
The gnoll sergeant hits you with a +0 glaive.
* * * LOW HITPOINT WARNING * * *
You tentacle-slap the gnoll sergeant.
The gnoll sergeant is moderately wounded.
You constrict the gnoll sergeant, but do no damage.
The gnoll sergeant hits you with a +0 glaive!!
* * * LOW HITPOINT WARNING * * *
Unknown command.
You feel better.
You constrict the gnoll sergeant.
The gnoll sergeant completely misses you.
Unknown command.
It was a potion of enlightenment.
You feel very buoyant.
You fly up into the air.
You constrict the gnoll sergeant. The gnoll sergeant closely misses you.
Unknown command.
It was a potion of cancellation.
Your magical effects are unravelling.
You feel magically purged.
You float gracefully downwards.
Floosh!
You fall into the deep water.
Your enlightenment fades.
You constrict the gnoll sergeant!
The gnoll sergeant hits you with a +0 glaive!
You die...
Your body crumbles into a pile of gold.

♣≈......# '.. ♣≈..##'##
#.. ♣≈..#..g. #h.
♣≈..#...g.# #$.
♣≈..#....g.g #..
♣≈..##....... {#..
♣≈..$##.8.... ###..
♣≈≈.$g#############ggg≈
♣♣≈≈≈≈@≈≈≈≈≈≈≈≈≈≈≈≈≈≈≈≈
♣♣♣♣♣♣♣♣♣♣♣♣♣♣♣♣♣♣♣♣♣♣


You could see a gnoll sergeant.

Vanquished Creatures
  Grinder (D:5)
  A water moccasin (D:6)
  An ice beast (D:6)
  An orc warrior (D:8)
  A sky beast (D:7)
  A black bear (D:6)
  2 ogres (D:6)
  4 centaurs
  A phantom (D:6)
  A bullfrog (D:6)
  2 gnoll sergeants
  2 scorpions (D:6)
  8 wights
  A burial acolyte (Ossuary)
  8 killer bees
  6 howler monkeys (D:8)
  A crimson imp (D:5)
  A quasit (D:5)
  5 gnoll boudas
  A bombardier beetle (D:7)
  An orc priest (D:4)
  3 hounds
  2 sleepcaps
  Jessica (D:3)
  5 iguanas
  7 orc wizards
  A mummy (Ossuary)
  Robin (D:3)
  14 gnolls
  An adder (D:3)
  A shadow imp (D:6)
  A white imp (D:5)
  2 ufetubi (D:4)
  4 dart slugs
  4 ribbon worms
  30 orcs
  8 endoplasms
  8 giant cockroaches
  15 goblins
  6 hobgoblins
  4 jackals (D:1)
  3 kobolds
  6 quokkas
  3 ball pythons
  2 bats (D:3)
  5 frilled lizards
  4 gnoll skeletons (Ossuary)
  A goblin skeleton (D:5)
  4 goblin zombies (D:5)
  3 hobgoblin zombies (D:5)
  8 kobold skeletons (Ossuary)
  2 kobold zombies (D:5)
  8 orc skeletons (Ossuary)
  6 rats
223 creatures vanquished.

Notes
Turn   | Place    | Note
-------+----------+-------------------------------------------
     0 | D:1      | 112233 the Octopode Fighter began the quest for the Orb.
     0 | D:1      | Reached XP level 1. HP: 16/16 MP: 1/1
    91 | D:1      | Reached XP level 2. HP: 11/21 MP: 2/2
   724 | D:1      | Reached XP level 3. HP: 21/26 MP: 3/3
  1598 | D:3      | Found a burning altar of Makhleb.
  1598 | D:3      | Noticed Jessica
  1603 | D:3      | Killed Jessica
  1604 | D:3      | Reached XP level 4. HP: 32/32 MP: 4/4
  1673 | D:3      | Noticed Robin
  1702 | D:3      | Killed Robin
  1894 | D:3      | Reached XP level 5. HP: 28/37 MP: 5/5
  2136 | D:3      | Gained mutation: Your magical capacity is low. (-10% MP)
                  | [potion of mutation]
  2136 | D:3      | Gained mutation: You have a pair of small antennae on your
                  | head. [potion of mutation]
  2136 | D:3      | Gained mutation: One of your tentacles bears a spike.
                  | [potion of mutation]
  2136 | D:3      | Gained mutation: You possess an exceptional clarity of
                  | mind. [potion of mutation]
  3062 | D:4      | Reached XP level 6. HP: 43/43 MP: 5/5
  3231 | D:4      | Found Reneux's Antique Weapon Emporium.
  3579 | D:5      | Entered Level 5 of the Dungeon
  3597 | D:5      | Found a sand-covered staircase.
  3644 | D:5      | Found a staircase to the Ecumenical Temple.
  3663 | Temple   | Entered the Ecumenical Temple
  3687 | Ossuary  | Entered an ossuary
  3875 | Ossuary  | Reached XP level 7. HP: 49/49 MP: 6/6
  3960 | D:5      | Noticed Grinder
  3983 | D:5      | Killed Grinder
  3984 | D:5      | Reached skill level 5 in Fighting
  3984 | D:5      | Reached skill level 5 in Dodging
  3984 | D:5      | Reached skill level 5 in Shields
  4039 | D:5      | Found Nipyhene's Book Shop.
  4620 | D:5      | Found a glowing golden altar of the Shining One.
  4667 | D:5      | Reached XP level 8. HP: 51/55 MP: 7/7
  4950 | D:5      | Found a runed translucent gate.
  4950 | D:5      | Found a runed translucent gate.
  4951 | D:5      | Found a runed translucent gate.
  4972 | D:5      | Noticed dertzug's ghost (amateur SpHs)
  5143 | D:6      | Reached skill level 5 in Unarmed Combat
  6059 | D:6      | Reached XP level 9. HP: 46/63 MP: 8/8
  7260 | D:7      | Found a hazy altar of Hepliaklqana.
  7349 | D:7      | Found an opulent altar of Gozag.
  7349 | D:7      | Found a glowing silver altar of Zin.
  7350 | D:7      | Found a shimmering altar of Xom.
  7358 | D:7      | Became a worshipper of Gozag Ym Sagoz the Greedy
  8433 | D:8      | Reached XP level 10. HP: 57/71 MP: 9/9
  8542 | D:8      | Noticed CapUranus's ghost (journeyman GrFi)
  8720 | D:8      | Found a runed translucent gate.
  8726 | D:8      | Found a runed translucent gate.
  8727 | D:8      | Found a runed translucent gate.
  9129 | D:9      | Found a flagged portal.
  9151 | Bailey   | Entered a bailey
  9693 | Bailey   | HP: 3/72 [gnoll sergeant/+0 glaive (18)]
  9696 | Bailey   | Mangled by a gnoll sergeant

Illustrated notes

Levels and vault maps discovered:
D:1:      dpeg_arrival_central, layout_basic
D:2:      layout_loops_ring
D:3:      layout_loops_ring, mainiacjoe_overflow_surrounded_room,
          minmay_pentangle, uniq_robin, uniq_jessica
D:4:      layout_loops_ring, serial_shops, nicolae_shop_getting_attention,
          columned_hall_lemuel
D:5:      layout_loops_cross, nicolae_tso_besieged_by_evil,
          minmay_temple_entry_wispy, nicolae_ossuary_entry_false_entrances,
          gammafunk_ghost_necromancy, serial_shops, nicolae_shop_stone,
          minivault_25, minmay_misc_feat_doors, minmay_fire_ice_demons,
          uniq_grinder
D:6:      layout_layer_cave
D:7:      layout_loops_ring, gammafunk_temple_overflow_forgotten,
          overflow_temple_1_default
D:8:      layout_basic, gammafunk_ghost_icy
D:9:      layout_grid_maze, ebering_ghost_reflecting_pool, enter_bailey_3,
          minmay_ruined_shrine
Temple:   minmay_temple_bridge_d
Bailey:   bailey_polearm_gnolls_kennysheep, bailey

Skill      XL: |  1  2  3  4  5  6  7  8  9 |
---------------+----------------------------+-----
Unarmed Combat | 3 4 5 7 |  7.3
Dodging        | 4 5 6 7 |  7.8
Shields        | 4 5 6 7 |  7.8
Fighting       | 4 5 6 7 |  7.8

Action                     |  1- 3 |  4- 6 |  7- 9 | 10-12 || total
---------------------------+-------+-------+-------+-------++-------
  Melee: Unarmed           |    82 |   169 |   271 |    52 ||   574
         Constrict         |    21 |    52 |    62 |    15 ||   150
         Tentacles         |    17 |    47 |    77 |    13 ||   154
         Punch             |     6 |     9 |    16 |     4 ||    35
         Kick              |       |    40 |    94 |    24 ||   158
 Invoke: Potion Petition   |       |       |       |     1 ||     1
    Use: Potion            |       |     3 |    10 |     3 ||    16
         Scroll            |       |       |       |    13 ||    13
   Stab: Sleeping          |     9 |     8 |     7 |     1 ||    25
         Distracted        |       |       |     1 |       ||     1
 Armour: Skin              |    24 |    68 |   130 |    55 ||   277
  Dodge: Dodged            |    27 |    74 |   133 |    69 ||   303
  Block: Buckler           |    15 |    25 |    62 |    25 ||   127
